 Dungeon Crawl Stone Soup version 0.28-a0-1002-gf00fe891ef (webtiles) character file.

Game seed: 12621467192298900212

464 vineage the Fighter (level 7, -6/50 HPs)
             Began as a Gargoyle Fighter on Dec 6, 2021.
             Mangled by an iguana (8 damage)
             ... on level 4 of the Dungeon.
             The game lasted 00:03:27 (2926 turns).

vineage the Fighter (Gargoyle Fighter)              Turns: 2926, Time: 00:03:28

Health: -6/50      AC: 11    Str: 20    XL:     7   Next: 8%
Magic:  7/7        EV:  9    Int:  8    God:
Gold:   104        SH:  4    Dex: 11    Spells: 6/6 levels left

rFire   . . .      SeeInvis .   h - +0 whip (chaos)
rCold   . . .      Faith    .   c - +0 buckler
rNeg    + . .      Spirit   .   b - +0 scale mail
rPois   ∞          Reflect  .   (no helmet)
rElec   +          Harm     .   (no cloak)
rCorr   .          Rampage  .   (no gloves)
Will    .....                   (no boots)
Stlth   ..........              (no amulet)
HPRegen 0.16/turn               (no ring)
MPRegen 0.10/turn               (no ring)

@: no status effects
A: sickness immunity, AC +4, negative energy resistance 1, electricity
resistance, torment resistance 1, petrification resistance
a: no special abilities


You were on level 4 of the Dungeon.
You visited 1 branch of the dungeon, and saw 4 of its levels.

You collected 104 gold pieces.

Inventory:

Hand Weapons
 a - a +0 flail
 h - a +0 whip of chaos (weapon)
Armour
 b - a +0 scale mail (worn)
 c - a +0 buckler (worn)
Jewellery
 g - an amulet of magic regeneration
Wands
 d - a wand of acid (8)
Scrolls
 l - a scroll of teleportation
 o - 2 scrolls of brand weapon
 q - a scroll of blinking
Potions
 j - a potion of mutation {unknown}
 k - a potion of invisibility {unknown}
 m - a potion of resistance {unknown}
 p - a potion of berserk rage {unknown}


   Skills:
 + Level 8.5 Fighting
 - Level 2.0 Maces & Flails
 - Level 3.2 Armour
 - Level 3.2 Shields


You had 6 spell levels left.
You didn't know any spells.
Your spell library was empty.

Dungeon Overview and Level Annotations

Branches:
Dungeon (4/15)
 Temple: D:4-7

Altars:

Shops:
D:1 (   D:3 :

Portals:
Sewer: D:4


Innate Abilities, Weirdness & Mutations

You are immune to sickness and miasma.
Your stone body is resilient. (AC +4)
You are immune to poison.
You resist negative energy. (rN+)
You are resistant to electric shocks. (rElec)
You are resistant to unholy torment.
You are immune to petrification.


Message History

You hit the ball python. You burn the ball python.
The ball python is severely wounded.
The ball python bites you but does no damage.
The ball python grabs you. The ball python constricts you.
You hit the ball python.
The ball python seems to slow down.
You freeze the ball python.
You kill the ball python!
You hit the iguana but do no damage.
The iguana seems to speed up.
The iguana closely misses you.
You closely miss the iguana. You block the iguana's attack.
The iguana barely misses you.
You hit the iguana but do no damage.
The iguana seems to grow stronger.
The iguana bites you but does no damage.
You hit the iguana but do no damage. The iguana closely misses you.
The iguana bites you!
You are too injured to fight recklessly!
You are too injured to fight recklessly!
You are too injured to fight recklessly!
You are too injured to fight recklessly!
You are too injured to fight recklessly!
You are too injured to fight recklessly!
You are too injured to fight recklessly!
You are too injured to fight recklessly!
You are too injured to fight recklessly!
You are too injured to fight recklessly!
You are too injured to fight recklessly!
You are too injured to fight recklessly!
You are too injured to fight recklessly!
You barely miss the iguana. The iguana bites you.
You hit the iguana.
The iguana is moderately wounded.
You block the iguana's attack. The iguana barely misses you.
You closely miss the iguana.
The iguana is moderately wounded.
The iguana bites you!!
* * * LOW HITPOINT WARNING * * *
Unknown command.
Okay, then.
The iguana bites you!
You die...

#.#.........#.#
#.#.#######.#.# #.#.#
..#.#.# #÷#.#
###.#.#.# #)#.#
#.#.#.#.# ####)#.#
#.).#.#.#
###......#.#...#.#..
#....†...#..<....#..
#......@.#########..
#...##l#...........##
#...##.##########
.'...'.†......#
..#...##.#####.#
..... ...# .#...#...
.≈≈≈ ≈... ≈≈≈ ≈≈≈#.


You could see an iguana (fast, strong).

Vanquished Creatures
  Grinder (D:4)
  A centaur (D:4)
  A centaur skeleton (D:4)
  An orc priest (D:4)
  A bullfrog skeleton (D:3)
  An orc wizard (D:4)
  An adder (D:2)
  2 worms
  A dart slug (D:3)
  3 orcs (D:4)
  9 ball pythons
  9 endoplasms
  2 giant cockroaches (D:1)
  3 goblins
  7 hobgoblins
  A quokka (D:2)
  5 bats
  2 frilled lizards
  7 kobolds
  6 rats
64 creatures vanquished.

Notes
Turn   | Place    | Note
-------+----------+-------------------------------------------
     0 | D:1      | vineage the Gargoyle Fighter began the quest for the Orb.
     0 | D:1      | Reached XP level 1. HP: 14/14 MP: 1/1
    45 | D:1      | You fall into a shaft and drop 1 floor!
   174 | D:1      | Reached XP level 2. HP: 20/20 MP: 2/2
   250 | D:1      | Reached skill level 4 in Fighting
   720 | D:1      | Reached XP level 3. HP: 19/24 MP: 3/3
   915 | D:1      | Found Bemijac's Antique Weapon Emporium.
  1957 | D:3      | Reached skill level 5 in Fighting
  2124 | D:3      | Found Ytzuasig's Book Boutique.
  2197 | D:3      | Reached XP level 4. HP: 31/31 MP: 4/4
  2593 | D:4      | Found a glowing drain.
  2596 | D:4      | Noticed a centaur
  2597 | D:4      | Noticed Grinder
  2610 | D:4      | Reached skill level 6 in Fighting
  2610 | D:4      | Reached XP level 5. HP: 17/36 MP: 5/5
  2614 | D:4      | Killed a centaur
  2616 | D:4      | HP: 1/37 [worm (8)]
  2656 | D:4      | Reached skill level 7 in Fighting
  2656 | D:4      | Reached XP level 6. HP: 25/44 MP: 6/6
  2727 | D:4      | Paralysed by Grinder for 5 turns
  2736 | D:4      | Killed Grinder
  2737 | D:4      | Reached skill level 8 in Fighting
  2737 | D:4      | Reached XP level 7. HP: 12/50 MP: 7/7
  2925 | D:4      | HP: 1/50 [iguana (18)]
  2926 | D:4      | Mangled by an iguana

Illustrated notes

Levels and vault maps discovered:
D:1:      saegor_arrival_simple_a, layout_rooms,
          shapermc_ecumenical_altar_petra, serial_shops, nicolae_shop_trees,
          columned_hall_lemuel, chequers_serial_rivers_large_b,
          minmay_misc_feat_columns, minmay_small_reverse_x
D:2:      layout_loops_cross
D:3:      layout_rooms, serial_shops, shop_fountains, chequers_mini_garden,
          st_stairs_3
D:4:      layout_basic, cheibrodos_sewer_entry_drain, nicolae_specific_store,
          st_stairs_8, uniq_grinder

Skill      XL: |  1  2  3  4  5  6 |
---------------+-------------------+-----
Fighting       | 4 5 6 7 8 |  8.5
Maces & Flails | |  2.0
Armour         | |  3.2
Shields        | |  3.2

Action                   |  1- 3 |  4- 6 |  7- 9 || total
-------------------------+-------+-------+-------++-------
Melee: Flail             |    11 |       |       ||    11
       Whip              |   129 |    82 |    16 ||   227
  Use: Scroll            |     5 |     2 |       ||     7
       Potion            |       |     4 |       ||     4
Armor: Scale mail        |    68 |    34 |     7 ||   109
Dodge: Dodged            |    69 |    33 |    10 ||   112
Block: Buckler           |    35 |    14 |     5 ||    54

Table legend: (Time is in decaauts)
 A = Elapsed time spent in this place.
 B = Non-inter-level travel time spent in this place.
 C = Inter-level travel time spent in this place.
 D = Time resting spent in this place.
 E = Time spent auto-exploring this place.
 F = Levels seen in this place.
 G = Mean time per level.
                   A        B        C        D        E       F      G
               +--------+--------+--------+--------+--------+-----+--------+
         Total |   2941 |   2816 |    125 |    129 |   2214 |   4 |  735.2 |
       Dungeon |   2941 |   2816 |    125 |    129 |   2214 |   4 |  735.2 |
               +--------+--------+--------+--------+--------+-----+--------+

Top non-repeatable levels by time:
     D:1: 1006 daAuts
     D:2: 846 daAuts
     D:3: 695 daAuts
     D:4: 394 daAuts
